 Dungeon Crawl Stone Soup version 0.23-a0-207-g93a313e (webtiles) character file.

120 Gildeon the Shield-Bearer (level 4, -4/40 HPs)
             Began as a Minotaur Fighter on Sept 25, 2018.
             Slain by a gnoll
             ... wielding a +0 halberd
              (13 damage)
             ... on level 3 of the Dungeon.
             The game lasted 00:05:24 (1633 turns).

Gildeon the Shield-Bearer (Minotaur Fighter)        Turns: 1633, Time: 00:05:24

Health: -4/40      AC:  8    Str: 21    XL:     4   Next: 75%
Magic:  0/3        EV:  8    Int:  5    God:
Gold:   90         SH:  9    Dex: 10    Spells: 3/3 levels left

rFire    . . .     SeeInvis .   a - +1 war axe
rCold    . . .     Gourm    .   c - +0 shield
rNeg     . . .     Faith    .   b - +1 scale mail
rPois    .         Spirit   .   (helmet restricted)
rElec    .         Reflect  .   (no cloak)
rCorr    .         Harm     .   (no gloves)
MR       .....                  (no boots)
Stlth    ..........             (no amulet)
HPRegen  0.13/turn              k - ring of wizardry
MPRegen  0.08/turn              (no ring)

@: no status effects
A: retaliatory headbutt, horns 2
a: no special abilities


You were on level 3 of the Dungeon.
You were not hungry.

You visited 1 branch of the dungeon, and saw 3 of its levels.

You collected 90 gold pieces.

Inventory:

Hand Weapons
 a - a +1 war axe (weapon)
Armour
 b - a +1 scale mail (worn)
 c - a +0 shield (worn)
Jewellery
 k - a ring of wizardry (left hand)
 l - a cursed -2 ring of strength {unknown}
Scrolls
 m - 2 scrolls of remove curse
Potions
 d - a potion of might
 e - 2 potions of berserk rage
 g - a potion of cancellation
 i - 2 potions of curing
 j - 2 potions of brilliance
Comestibles
 f - 7 rations
 h - 6 chunks of flesh


   Skills:
 + Level 4.2 Fighting
 * Level 4.2 Axes
 + Level 4.2 Armour
 + Level 1.6 Dodging
 + Level 4.2 Shields


You had 3 spell levels left.
You didn't know any spells.
Your spell library was empty.

Dungeon Overview and Level Annotations

Branches:
Dungeon (3/15)

Altars:

Annotations:
D:3 Sigmund


Innate Abilities, Weirdness & Mutations

You reflexively headbutt those who attack you in melee.
You have a pair of horns on your head.


Message History

You kill the kobold!
The gnoll misses you. You block Sigmund's attack. The gnoll closely misses you.
You furiously retaliate!
You headbutt the gnoll!
Items here: ( )) † a short sword; 2 stones; a halberd; a kobold corpse You closely miss the gnoll.
Your headbutt misses the gnoll.
The gnoll is severely wounded.
You closely miss the frilled lizard. You block the gnoll's attack.
Sigmund hits you from afar with a scythe.
The frilled lizard bites you but does no damage.
You barely miss the gnoll. Your headbutt misses the gnoll.
The gnoll is severely wounded.
You barely miss the frilled lizard. The gnoll hits you with a halberd.
* * * LOW HITPOINT WARNING * * *
The frilled lizard bites you but does no damage.
You block Sigmund's attack.
You completely miss the gnoll. Your headbutt misses the gnoll.
The gnoll is severely wounded.
You closely miss the frilled lizard. The gnoll hits you with a halberd!
You die...

...... ......
...#.. #.....<
######.......
####........#
##....###@..##
####..####
#l#.# #....##
#@# # ###.####
#....g....#
#...#
.....#..#.###
#.### ....
.>##.# ###.#
... .## #
....# ## ##
.#### ## #
#########.


You could see Sigmund, a gnoll and a frilled lizard.

Vanquished Creatures
  A worker ant zombie (D:2)
  2 gnolls (D:3)
  2 adders (D:2)
  3 worms (D:2)
  A dart slug (D:2)
  4 leopard geckos (D:2)
  3 orcs (D:3)
  2 giant cockroaches (D:1)
  5 goblins
  4 hobgoblins
  8 jackals (D:2)
  4 kobolds
  4 bats
  3 frilled lizards (D:1)
  7 rats
53 creatures vanquished.

Notes
Turn   | Place    | Note
-------+----------+-------------------------------------------
     0 | D:1      | Gildeon the Minotaur Fighter began the quest for the Orb.
     0 | D:1      | Reached XP level 1. HP: 19/19 MP: 0/0
   506 | D:1      | Reached XP level 2. HP: 27/27 MP: 1/1
   860 | D:2      | Reached skill level 1 in Dodging
   865 | D:2      | Reached XP level 3. HP: 22/33 MP: 2/2
  1094 | D:2      | Reached XP level 4. HP: 40/40 MP: 3/3
  1624 | D:3      | Noticed Sigmund
  1633 | D:3      | Slain by a gnoll

Vault maps used:
D:1:      lemuel_arrival_rhombus, minmay_fountain_box
D:2:      st_stairs_13, minmay_misc_feat_rows
D:3:      first_ration, uniq_sigmund

Skill      XL: |  1  2  3  4 |
---------------+-------------+-----
Axes           | 3 4 |  4.2
Dodging        | 1 |  1.6
Armour         | 4 |  4.2
Fighting       | 4 |  4.2
Shields        | 4 |  4.2

Action                   |  1- 3 |  4- 6 || total
-------------------------+-------+-------++-------
Melee: War axe           |    68 |    44 ||   112
       Headbutt          |     7 |     6 ||    13
  Use: Scroll            |     5 |     2 ||     7
  Eat: Chunk             |     1 |     1 ||     2
Armor: Scale mail        |    44 |    16 ||    60
Dodge: Dodged            |    32 |    10 ||    42
Block: Shield            |    35 |    26 ||    61

Table legend:
 A = Non-vault XP
 B = Vault XP
 C = Vault XP percentage of total XP
 D = Non-vault monster count
 E = Vault monster count
 F = Vault count percentage of total count
                 A         B        C        D         E       F
            +---------+---------+-------+---------+---------+-------
      Total |     170 |       2 |   1.2 |      52 |       1 |   1.9
            +---------+---------+-------+---------+---------+-------
        D:1 |      16 |       0 |   0.0 |      10 |       0 |   0.0
        D:2 |     108 |       2 |   1.8 |      32 |       1 |   3.0
        D:3 |      46 |       0 |   0.0 |      10 |       0 |   0.0
            +---------+---------+-------+---------+---------+-------
